 Dungeon Crawl Stone Soup version 0.21-a0-400-g417d9d2 (webtiles) character file.

44 tof the Chopper (level 3, -2/33 HPs)
             Began as a Minotaur Monk on Oct 20, 2017.
             Slain by an ice beast (10 damage)
             ... on level 2 of the Dungeon.
             The game lasted 00:01:26 (763 turns).

tof the Chopper (Minotaur Monk)                      Turns: 763, Time: 00:01:27

Health: -2/33      AC:  6    Str: 16    XL:     3   Next: 41%
Magic:  2/2        EV: 10    Int:  7    God:
Gold:   120        SH:  0    Dex: 12    Spells: 2/2 levels left

rFire    . . .     SeeInvis .   a - +0 hand axe
rCold    . . .     Gourm    .   (no shield)
rNeg     . . .     Faith    .   i - +0 scale mail (curse)
rPois    .         Spirit   .   (helmet restricted)
rElec    .         Reflect  .   (no cloak)
rCorr    .         Harm     .   (no gloves)
MR       .....                  (no boots)
Stlth    ..........             (no amulet)
HPRegen  0.11/turn              (no ring)
MPRegen  0.08/turn              (no ring)

@: no status effects
A: retaliatory headbutt, horns 2
a: no special abilities


You were on level 2 of the Dungeon.
You were not hungry.

You visited 1 branch of the dungeon, and saw 2 of its levels.

You collected 120 gold pieces.

Inventory:

Hand Weapons
 a - a +0 hand axe (weapon)
Armour
 e - a +0 chain mail
 i - a cursed +0 scale mail (worn)
Scrolls
 b - a scroll of recharging {unknown}
 f - a scroll of enchant weapon {unknown}
 g - a scroll of teleportation {unknown}
Potions
 h - a potion of agility {unknown}
 j - 2 potions of resistance {unknown}
 k - 2 potions of invisibility {unknown}
Comestibles
 c - 4 bread rations
 d - a royal jelly


   Skills:
 + Level 4.1 Fighting
 * Level 4.6 Axes
 + Level 1.6 Armour
 - Level 3.2 Dodging
 - Level 1.5 Stealth


You had 2 spell levels left.
You didn't know any spells.

Dungeon Overview and Level Annotations

Branches:
Dungeon (2/15)

Altars:


Innate Abilities, Weirdness & Mutations

You reflexively headbutt those who attack you in melee.
You have a pair of horns on your head.


Message History

An ice beast is nearby!
You closely miss the ice beast.
The ice beast hits you but does no damage.
An ice beast is nearby!
You closely miss the ice beast. You headbutt the ice beast!
The ice beast is moderately wounded.
The ice beast barely misses you. You furiously retaliate!
You headbutt the ice beast. You barely miss the ice beast.
You headbutt the ice beast, but do no damage.
The ice beast is heavily wounded.
The ice beast hits you. The ice beast freezes you!
You are too injured to fight recklessly!
You are too injured to fight recklessly!
You hit the ice beast.
The ice beast is severely wounded.
The ice beast hits you.
* * * LOW HITPOINT WARNING * * *
The ice beast freezes you!
You die...

#......##.##..........#
#..........#..........###
.................†........
###.#.##.####.#####.######
#...........# #.......
####.##.##########..#####
........#........<..#####
####.........#####..##...
#####@#########..##.##
.......Y........††.##.##
...####.#########..##...
#.. #......... ##.
#......... .. #.........
.. #......... ...
#......... ##.........


You could see an ice beast.

Vanquished Creatures
  A worm (D:2)
  3 dart slugs (D:1)
  2 ball pythons (D:1)
  2 giant cockroaches
  2 hobgoblins (D:1)
  4 jackals (D:1)
  4 kobolds
  A quokka (D:2)
  3 bats
  5 frilled lizards (D:1)
  3 goblins
  7 rats (D:1)
37 creatures vanquished.

Notes
Turn   | Place    | Note
-------+----------+-------------------------------------------
     0 | D:1      | tof the Minotaur Monk began the quest for the Orb.
     0 | D:1      | Reached XP level 1. HP: 19/19 MP: 0/0
   154 | D:1      | Reached XP level 2. HP: 24/27 MP: 1/1
   184 | D:1      | Reached skill level 1 in Armour
   323 | D:1      | Reached XP level 3. HP: 21/33 MP: 2/2
   756 | D:2      | Noticed an ice beast
   763 | D:2      | Slain by an ice beast

Vault maps used:
D:1:      nzn_arrival_settlement, minmay_octomino_e4
D:2:      first_bread, nicolae_ru_the_path_less_chosen

Skill      XL: |  1  2 |
---------------+-------+-----
Axes           | 4 |  4.6
Armour         | 1 |  1.6
Fighting       | 4 |  4.1
Dodging        | |  3.2
Stealth        | |  1.5

Action                   || total
-------------------------++-------
Melee: Hand axe          ||    80
       Headbutt          ||    13
Armor: Chain mail        ||    23
       Scale mail        ||    17
Dodge: Dodged            ||    40

Table legend:
 A = Spawn XP
 B = Non-spawn XP
 C = Spawn XP percentage of total XP
 D = Spawn monster count
 E = Non-spawn monster count
 F = Spawn count percentage of total count
 G = Total turns spent on level
                    A         B        C        D         E        F      G
               +---------+---------+-------+---------+---------+-------+---------
         Total |       0 |      64 |   0.0 |       0 |      37 |   0.0 |   763
               +---------+---------+-------+---------+---------+-------+---------
           D:1 |       0 |      51 |   0.0 |       0 |      31 |   0.0 |   680
           D:2 |       0 |      13 |   0.0 |       0 |       6 |   0.0 |    83
               +---------+---------+-------+---------+---------+-------+---------
